 Dungeon Crawl Stone Soup version 0.30.1-3-gfc49f6343a (webtiles) character file.

Game seed: 9509820181921148950

115931 BigDaddyOpFi the Apostle (level 16, -4/147 HPs)
             Began as a Hill Orc Fighter on May 15, 2023.
             Was a High Priest of Beogh.
             Slain by a salamander mystic
             ... wielding a +0 quarterstaff
              (19 damage)
             ... on level 4 of the Snake Pit on Aug 2, 2023.
             The game lasted 01:20:19 (44620 turns).

BigDaddyOpFi the Apostle (Hill Orc Fighter)        Turns: 44620, Time: 01:20:20

Health: -4/147     AC: 30    Str: 32    XL:     16   Next: 70%
Magic:  29/29      EV:  9    Int:  8    God:    Beogh [*****.]
Gold:   623        SH:  0    Dex: 15    Spells: 15/15 levels left

rFire   . . .        u - +6 morningstar of Success {flame, rC+ Str+5 Dex+3}
rCold   + . .        O - +0 tower shield
rNeg    . . .        d - +5 plate armour
rPois   .            Y - +1 hat {Will+}
rElec   .            P - +2 cloak of Lightning Storm {Contam Will+ Slay+5 Stlth+}
rCorr   .            n - +0 pair of gloves
SInv    .            a - +1 pair of boots {Fly}
Will    +++..        o - amulet "Nuegadd" {Reflect Dex+2 SH+5} Stlth
                     r - +4 ring of slaying
HPRegen 0.44/turn    K - +5 ring of evasion
MPRegen 0.21/turn

%: reflection
@: confused, ambrosia-drunk, weakened, flying, constricted
A: walk on water
a: Renounce Religion, Smiting, Recall Orcish Followers, Give Item to Named
Follower


You were on level 4 of the Snake Pit.
You worshipped Beogh.
Beogh was extremely pleased with you.
You visited 4 branches of the dungeon, and saw 26 of its levels.
You also visited: Gauntlet.

You collected 2539 gold pieces.
You spent 1916 gold pieces at shops.

Inventory:

Hand Weapons
 u - the +6 morningstar of Success (weapon) {flame, rC+ Str+5 Dex+3}
   (You found it on level 5 of the Dungeon)

   Str:       It affects your strength (+5).
   Dex:       It affects your dexterity (+3).
   rC:        It protects you from cold.
 M - a +3 heavy trident
 S - the +7 morningstar "Rorhufil" {freeze, rCorr Dex+3}
   (You found it in a Gauntlet)

   Dex:       It affects your dexterity (+3).
   rCorr:     It protects you from acid and corrosion.
Missiles
 C - 4 throwing nets
Armour
 a - a +1 pair of boots of flying (worn)
 d - a +5 plate armour (worn)
 n - a +0 pair of gloves (worn)
 O - a +0 tower shield (worn)
 P - the +2 cloak of Lightning Storm (worn) {Contam Will+ Slay+5 Stlth+}
   (You found it on level 13 of the Dungeon)

   Slay:      It affects your accuracy & damage with ranged weapons and melee
   (+5).
   Contam:    It causes magical contamination when unequipped.
   Will:      It increases your willpower.
   Stlth:     It makes you more stealthy.
 X - a +3 plate armour of willpower
 Y - a +1 hat of willpower (worn)
Magical Staves
 m - the staff of poison "Inapiff" {rPois Dex+5}
   (You found it on level 5 of the Lair of Beasts)

   [staff of poison]

   Base accuracy: +5 Base damage: 5 Base attack delay: 1.2 This weapon's minimum
   attack delay (0.6) is reached at skill level 12.
   Dex:       It affects your dexterity (+5).
   rPois:     It protects you from poison.
   It falls into the 'Staves' category.
   It is a one-handed weapon.
Jewellery
 c - an amulet of magic regeneration
 o - the amulet "Nuegadd" (around neck) {Reflect Dex+2 SH+5}
   (You found it on level 2 of the Dungeon)

   [amulet of reflection]

   It reflects blocked missile attacks.
   Dex:       It affects your dexterity (+2).
   SH:        It affects your SH (+5).
 q - a +4 ring of protection
 r - a +4 ring of slaying (left hand)
 v - the amulet of the Four Winds {rN+ Will+++ Clar}
   (You found it on level 14 of the Dungeon)

   [amulet of nothing]

   rN:        It protects you from negative energy.
   Clar:      It protects you from confusion, rage, mesmerisation and fear.
   Will:      It greatly increases your willpower.
 K - a +5 ring of evasion (right hand)
 L - a +4 ring of protection
 Q - a ring of poison resistance
 T - a +6 ring of dexterity
 U - a +4 ring of protection
 W - a ring of see invisible
Wands
 w - a wand of light (4)
 x - a wand of paralysis (10)
 z - a wand of iceblast (15)
 I - a wand of flame (14)
 R - a wand of digging (6)
 Z - a wand of mindburst (10) (quivered)
Scrolls
 e - 3 scrolls of fog
 f - 3 scrolls of teleportation
 g - 7 scrolls of magic mapping
 k - 9 scrolls of identify
 p - 6 scrolls of blinking
 y - a scroll of butterflies
 F - 8 scrolls of immolation
 H - 7 scrolls of fear
Potions
 b - 6 potions of lignification
 h - 4 potions of magic
 j - 3 potions of curing
 l - 4 potions of flight
 s - 2 potions of haste
 A - 5 potions of attraction
 B - a potion of resistance
 D - 4 potions of mutation
 E - 3 potions of ambrosia
 G - 3 potions of berserk rage
 J - a potion of cancellation
Miscellaneous
 i - a phial of floods


   Skills:
 + Level 14.9 Fighting
 - Level 6.2(11.9) Axes
 + Level 12.4(12.8) Maces & Flails
 - Level 4.8(5.9) Polearms
 + Level 13.7 Armour
 + Level 13.7 Shields
 * Level 19.6 Invocations
 + Level 7.0 Evocations


You had 15 spell levels left.
You didn't know any spells.
Your spell library contained the following spells:

 Spells                   Type           Power      Damage    Failure   Level
 Apportation              Tloc           0%         N/A       99%         1
 Foxfire                  Conj/Fire      0%         2x1d4     99%         1
 Magic Dart               Conj           0%         1d3       99%         1
 Summon Small Mammal      Summ           0%         N/A       99%         1
 Call Imp                 Summ           0%         N/A       100%        2
 Lesser Beckoning         Tloc           0%         N/A       100%        2
 Sublimation of Blood     Necr           0%         N/A       100%        2
 Wereblood                Tmut           0%         N/A       100%        2
 Call Canine Familiar     Summ           0%         N/A       100%        3
 Gell's Gravitas          Tloc           0%         N/A       100%        3
 Ignite Poison            Fire/Tmut/Pois 0%         N/A       100%        3
 Inner Flame              Hex/Fire       0%         N/A       100%        3
 Mephitic Cloud           Conj/Pois/Air  0%         N/A       100%        3
 Ozocubu's Armour         Ice            0%         N/A       100%        3
 Portal Projectile        Hex/Tloc       0%         N/A       100%        3
 Summon Guardian Golem    Hex/Summ       0%         N/A       100%        3
 Teleport Other           Tloc           0%         N/A       100%        3
 Tukima's Dance           Hex            0%         N/A       100%        3
 Volatile Blastmotes      Fire/Tloc      0%         2d10      100%        3
 Flame Wave               Conj/Fire      0%         2d4       100%        4
 Sticky Flame             Conj/Fire      0%         2d3       100%        4
 Alistair's Intoxication  Tmut/Pois      0%         N/A       100%        5
 Arcjolt                  Conj/Air       0%         1d10      100%        5
 Blade Hands              Tmut           0%         N/A       100%        5
 Fireball                 Conj/Fire      0%         3d3       100%        5
 Summon Mana Viper        Hex/Summ       0%         N/A       100%        5
 Dispersal                Tloc           0%         N/A       100%        6
 Plasma Beam              Fire/Air       0%         2x1d11    100%        6
 Starburst                Conj/Fire      0%         6d3       100%        6
 Summon Cactus Giant      Summ           0%         N/A       100%        6
 Malign Gateway           Summ/Tloc      0%         N/A       100%        7
 Ozocubu's Refrigeration  Ice            0%         4d7       100%        7
 Summon Hydra             Summ           0%         N/A       100%        7
 Disjunction              Tloc           0%         N/A       100%        8
 Ignition                 Fire           0%         3d3       100%        8
 Summon Horrible Things   Summ           0%         N/A       100%        8
 Chain Lightning          Conj/Air       0%         N/A       100%        9
 Fire Storm               Conj/Fire      0%         5d1       100%        9
 Shatter                  Erth           0%         3d5*      100%        9


Dungeon Overview and Level Annotations

Branches:
Dungeon (15/15)            Temple (0/1) D:7            Lair (5/5) D:11
  Swamp (0/4) Lair:2        Snake (4/4) Lair:2        Slime (0/5) Lair:4
    Orc (2/2) D:10            Elf (0/3) Orc:2        Vaults (0/5) D:13
 Depths (0/4) D:15        Gauntlet (visited)

Altars:
Cheibriados
Hepliaklqana
Makhleb
Okawaru
Sif Muna
Trog
Jiyva

Shops:
D:7 ?   D:14 [   Orc:2 =((??   Snake:2 !   Snake:4 (

Portals:
Hell: Lair:5
Pandemonium: Orc:2

Annotations:
Lair:3 2 transporters


Message History

Unknown command.
Unknown command.
You feel better.
The salamander mystic no longer looks unusually strong.
The naga sharpshooter shoots an arrow.
You block the arrow with an invisible shield... and reflect it back!
The arrow hits the naga sharpshooter!
The salamander mystic points at you and mumbles some strange words.
The lance of force hits you but does no damage.
The naga warrior roars a battlecry!
The salamander mystic goes into a battle-frenzy!
The naga warrior constricts you.
The naga sharpshooter shoots an arrow.
You block the arrow with an invisible shield... and reflect it back!
The arrow hits the naga sharpshooter!
Unknown command.
Unknown command.
Unknown command.
You sock the naga sharpshooter! You burn the naga sharpshooter.
You kill the naga sharpshooter!
Beogh accepts your kill.
Syrus no longer looks unusually strong.
The naga warrior misses you. The naga warrior constricts you.
* * * LOW HITPOINT WARNING * * *
You block the salamander mystic's attack.
Orgrim roars a battlecry!
Syrus goes into a battle-frenzy!
You block the naga warrior's attack. The naga warrior constricts you.
* * * LOW HITPOINT WARNING * * *
Unknown command.
Unknown command.
You are confused.
You feel invigorated.
Your orc high priest no longer looks unusually strong.
The naga warrior barely misses you. The naga warrior constricts you.
Orgrim roars a battlecry!
Your orc high priest goes into a battle-frenzy!
The salamander mystic hits you with a +0 quarterstaff!!
* * * LOW HITPOINT WARNING * * *
You are engulfed in flames!!
You die...

#### ##...## ####
##.....#########...
#.......#.....##...
+.......#..........
#NN.....#..........
##@)...##...o.ooo.. #
##o#...##oo..o.oooo. #
#oo+#####'#.#######' ##
##ooo#≈≈§§.#.#....... .##
##ooo##§≈§§§#.#....... ..###
###oo4##§≈§§.##.#.......
..)o######.44o##≈≈≈.o##..#.......
#............##≈≈≈.o##...#.......
##..........##§§≈..##....########


You could see a naga warrior (fast, ally target), a salamander mystic (strong,
ally target), the friendly Marbaugh the orc warlord (strong), the friendly
Orgrim the orc warlord (strong), 2 friendly orc knights, the friendly Argrim the
orc knight (strong), a friendly orc high priest (strong), a friendly orange
demon (summoned), a friendly ice devil (summoned), a friendly chaos spawn
(summoned), the friendly Oreg the orc sorcerer (strong), 2 friendly orc
warriors, the friendly Syrus the orc priest (strong) and a friendly orc wizard
(strong).

Vanquished Creatures
  Vashnia (Snake:3)
  Gastronok (Lair:3)
  A minotaur (Gauntlet)
  A dire elephant (Lair:5)
  Fannar (Lair:1)
  A catoblepas (Lair:5)
  Harold (Lair:1)
  A ghost crab (Lair:2)
  A hell beast (Gauntlet)
  A centaur warrior (D:15)
  5 anacondas
  A catoblepas (shapeshifter) (D:13)
  4 hydras
  4 boulder beetles
  2 salamander tyrants (Snake:4)
  5 two-headed ogres
  2 orc high priests (Orc:2)
  5 death yaks (Lair:5)
  5 naga sharpshooters
  2 tengu warriors
  5 naga warriors
  5 skeletal warriors
  2 skysharks (Lair:5)
  A sea snake (Snake:3)
  2 sixfirhies (Orc:2)
  A salamander mystic (Snake:4)
  A spectral hydra (Lair:2)
  A naga ritualist (Snake:4)
  3 deep elf pyromancers
  2 necromancers
  An oklob plant (Lair:1)
  Pikel (D:6)
  4 orc knights
  4 orc sorcerers
  4 salamanders (Snake:4)
  A wolf spider zombie (D:15)
  8 cyclopes
  2 ugly things (D:14)
  5 mana vipers
  4 manticores
  5 elephants
  9 black mambas
  2 naga magi (Snake:4)
  A guardian serpent (Snake:1)
  A smoke demon (Orc:2)
  Maggie (D:6)
  A gargoyle (D:13)
  9 cane toads
  A centaur skeleton (D:15)
  An unseen horror (D:12)
  A torpor snail (Lair:5)
  2 tengu conjurers (D:14)
  8 komodo dragons
  A rime drake (Lair:3)
  2 red devils (Lair:5)
  2 ice devils (Lair:5)
  2 trolls
  5 meliai
  A hellwing (Lair:5)
  A queen bee (Gauntlet)
  A meliai (shapeshifter) (D:13)
  A hornet (Lair:3)
  5 blink frogs
  Grinder (D:5)
  3 dream sheep
  5 slime creatures
  A spectral black mamba (Lair:2)
  A centaur simulacrum (D:15)
  A spriggan (shapeshifter) (D:14)
  5 wyverns
  A wraith (D:12)
  40 yaks
  2 vampires
  3 basilisks
  A vampire mosquito (D:12)
  A steam dragon (D:7)
  Menkaure (D:7)
  5 hell hounds
  5 nagas
  An acid dragon (D:9)
  11 water moccasins
  A spectral yak (Lair:2)
  7 orc warriors
  A spectral blink frog (Lair:2)
  A swamp drake (D:10)
  A sky beast (D:7)
  2 black bears
  7 ogres
  7 wolves
  The ghost of GreenGuy14 the Chopper, an amateur DsGl (D:3)
  5 centaurs
  A spectral rime drake (Lair:2)
  3 phantoms
  3 kobold brigands
  7 bullfrogs
  2 scorpions
  2 gnoll sergeants
  11 wights
  24 killer bees
  5 howler monkeys
  3 electric eels
  A lava snake (Lair:1)
  A quasit (D:8)
  Crazy Yiuf (D:5)
  2 hounds
  3 jellies (D:6)
  11 orc priests
  A gnoll bouda (D:7)
  3 iguanas
  9 orc wizards
  A hell rat (Lair:5)
  13 gnolls
  9 adders
  A shadow imp (D:8)
  3 white imps (D:8)
  2 worms (D:3)
  A dart slug (D:3)
  28 orcs
  7 endoplasms
  A giant cockroach (D:4)
  2 goblins
  6 hobgoblins
  2 jackals (D:1)
  18 kobolds
  A quokka (D:3)
  4 ball pythons
  6 bats
  2 frilled lizards (D:1)
  2 rats (D:3)
488 creatures vanquished.

Vanquished Creatures (collateral kills)
  Donald (Snake:1)
  Snorg (Lair:4)
  A hydra (Lair:5)
  2 centaur warriors (D:15)
  An anaconda (Snake:4)
  3 demonspawn (Orc:2)
  A two-headed ogre (D:14)
  A death yak (Lair:5)
  2 orc high priests (Orc:2)
  A naga warrior (Snake:4)
  2 naga sharpshooters (Snake:3)
  A sun demon (Orc:2)
  A skyshark (Lair:1)
  A sixfirhy (Lair:5)
  3 salamander mystics (Snake:4)
  4 skeletal warriors
  A death drake (shapeshifter) (D:13)
  A lindwurm (Snake:4)
  2 wizards
  2 naga ritualists
  2 orc knights
  2 orc sorcerers (Orc:2)
  4 mana vipers
  4 salamanders
  3 cyclopes
  2 ugly things (D:14)
  9 elephants
  14 black mambas
  A guardian serpent (Snake:3)
  A black mamba (shapeshifter) (D:14)
  4 naga magi
  3 cane toads
  An orange demon (Lair:5)
  6 komodo dragons
  2 tengu conjurers
  2 ice devils
  2 rime drakes
  2 freezing wraiths
  A meliai (D:14)
  A polar bear (Lair:5)
  A queen bee (D:14)
  4 trolls
  3 dream sheep (Lair:1)
  A harpy skeleton (D:15)
  14 blink frogs
  26 yaks
  3 slime creatures
  3 wyverns
  A wraith (D:12)
  3 basilisks
  3 vampire mosquitoes (D:12)
  2 wargs
  9 nagas
  A hell hound (Lair:5)
  12 water moccasins
  13 orc warriors
  3 ogres
  3 black bears
  4 wolves
  3 centaurs (D:15)
  3 bullfrogs
  12 killer bees (D:14)
  2 howler monkeys (D:12)
  8 electric eels
  2 lava snakes (Lair:1)
  9 orc priests
  2 orc wizards (Orc:1)
  4 gnolls (D:10)
  13 orcs
  A butterfly (Lair:5)
266 creatures vanquished.

Vanquished Creatures (others)
  2 orc high priests
  6 orc sorcerers
  5 orc knights
  18 orc warriors
  13 orc priests
  4 orc wizards
  42 orcs
90 creatures vanquished.

Grand Total: 844 creatures vanquished

Notes
Turn   | Place    | Note
-------+----------+-------------------------------------------
     0 | D:1      | BigDaddyOpFi the Hill Orc Fighter began the quest for the
                  | Orb.
     0 | D:1      | Reached XP level 1. HP: 19/19 MP: 1/1
   467 | D:1      | Reached XP level 2. HP: 27/27 MP: 2/2
  1014 | D:2      | Found a faded altar of an unknown god.
  1151 | D:2      | Identified the amulet "Nuegadd" {Reflect Dex+2 SH+5}
  1222 | D:2      | Found a bloodstained altar of Trog.
  1463 | D:3      | Reached XP level 3. HP: 33/33 MP: 3/3
  1626 | D:3      | Reached XP level 4. HP: 40/41 MP: 4/4
  1654 | D:3      | Found a shimmering blue altar of Sif Muna.
  1654 | D:3      | Found a hazy altar of Hepliaklqana.
  1734 | D:3      | Found a runed translucent door.
  1739 | D:3      | Noticed GreenGuy14's ghost (amateur DsGl)
  1772 | D:3      | Killed GreenGuy14's ghost
  1773 | D:3      | Reached XP level 5. HP: 16/47 MP: 5/5
  2504 | D:3      | Found a snail-covered altar of Cheibriados.
  2657 | D:4      | Reached skill level 5 in Fighting
  2661 | D:4      | Got the Parchment of Phantasms and the Voyage
  2710 | D:4      | Became a worshipper of Beogh the Brigand
  2715 | D:4      | Reached XP level 6. HP: 55/56 MP: 6/6
  3557 | D:5      | Entered Level 5 of the Dungeon
  3569 | D:5      | Reached skill level 5 in Axes
  3569 | D:5      | Reached skill level 5 in Shields
  3726 | D:5      | Upgraded the game from 0.30.0-10-gfe55d96785 to
                  | 0.30.0-11-gf55b779eaf
  3727 | D:5      | Reached skill level 5 in Armour
  3727 | D:5      | Reached XP level 7. HP: 61/61 MP: 7/7
  3809 | D:5      | Found a runed translucent door.
  3810 | D:5      | Noticed Crazy Yiuf
  3883 | D:5      | Noticed Grinder
  3890 | D:5      | Upgraded the game from 0.30.0-11-gf55b779eaf to
                  | 0.30.1-3-gfc49f6343a
  3894 | D:5      | Killed Grinder
  4688 | D:5      | Identified the +6 morningstar of Success {flame, rC+ Str+5
                  | Dex+3}
  4698 | D:5      | Reached XP level 8. HP: 70/71 MP: 8/8
  4850 | D:5      | Reached skill level 1 in Maces & Flails
  5026 | D:5      | Killed Crazy Yiuf
  5127 | D:6      | Noticed Pikel
  5134 | D:6      | Paralysed by Pikel for 2 turns
  5143 | D:6      | Killed Pikel
  5255 | D:6      | Noticed a troll
  5262 | D:6      | Killed a troll
  5263 | D:6      | Reached skill level 2 in Invocations
  5263 | D:6      | Reached XP level 9. HP: 49/79 MP: 8/10
  5384 | D:6      | Noticed Maggie
  5399 | D:6      | Killed Maggie
  5400 | D:6      | Reached skill level 3 in Invocations
  5689 | D:6      | Reached skill level 4 in Invocations
  6101 | D:6      | Reached * piety under Beogh
  6124 | D:6      | Reached skill level 5 in Invocations
  6402 | D:7      | Noticed Menkaure
  6408 | D:7      | Killed Menkaure
  6471 | D:7      | Reached skill level 6 in Invocations
  6631 | D:7      | Reached XP level 10. HP: 90/90 MP: 14/14
  6648 | D:7      | Got the Codex of Moving Outbursts
  6696 | D:7      | Reached skill level 5 in Maces & Flails
  6773 | D:7      | Reached skill level 7 in Invocations
  6793 | D:7      | Found a staircase to the Ecumenical Temple.
  6821 | D:7      | Reached ** piety under Beogh
  6887 | D:7      | Found Suant's Magic Scroll Shoppe.
  7138 | D:8      | Reached skill level 8 in Invocations
  7460 | D:8      | Found an iron altar of Okawaru.
  7782 | D:9      | HP: 4/91 [orc priest/divine providence (15)]
  8257 | D:9      | Reached skill level 9 in Invocations
  8534 | D:8      | Reached *** piety under Beogh
  9108 | D:10     | Entered Level 10 of the Dungeon
  9118 | D:10     | Reached XP level 11. HP: 71/97 MP: 16/18
  9538 | D:10     | Found a staircase to the Orcish Mines.
 10528 | D:10     | Reached skill level 10 in Invocations
 11929 | D:11     | Noticed a cyclops
 11935 | D:11     | Killed a cyclops
 11965 | D:11     | Noticed a cyclops
 11971 | D:11     | Killed a cyclops
 11987 | D:11     | Noticed a two-headed ogre
 11990 | D:11     | Gained Jorge as an ally
 11993 | D:11     | Killed a two-headed ogre
 11994 | D:11     | Reached skill level 10 in Fighting
 12003 | D:11     | Noticed a two-headed ogre
 12010 | D:11     | Killed a two-headed ogre
 12086 | D:11     | Gained Beowulf as an ally
 12193 | D:11     | Found a staircase to the Lair.
 12193 | D:11     | Noticed a cyclops
 12200 | D:11     | Killed a cyclops
 12201 | D:11     | Reached skill level 11 in Invocations
 12210 | D:11     | Gained Borgoth as an ally
 12960 | D:11     | Noticed a two-headed ogre
 12966 | D:11     | Killed a two-headed ogre
 13300 | D:12     | Reached **** piety under Beogh
 13328 | D:12     | Noticed a two-headed ogre
 13332 | D:12     | Noticed a deep elf pyromancer
 13335 | D:12     | Reached XP level 12. HP: 88/108 MP: 20/20
 13340 | D:12     | Killed a two-headed ogre
 13341 | D:12     | Reached skill level 12 in Invocations
 13342 | D:12     | Noticed a boulder beetle
 13354 | D:12     | Reached skill level 10 in Shields
 13653 | D:12     | Killed a boulder beetle
 14082 | D:12     | Reached skill level 10 in Armour
 14115 | D:12     | Your ally Jorge died
 14735 | D:13     | Reached skill level 13 in Invocations
 14934 | D:13     | Identified the +2 cloak of Lightning Storm {Contam Will+
                  | Slay+5 Stlth+}
 14973 | D:13     | Noticed a two-headed ogre
 14976 | D:13     | Killed a two-headed ogre
 14992 | D:13     | a steelbarb worm changed into a death yak
 14992 | D:13     | Noticed a death yak (glowing shapeshifter)
 14996 | D:13     | a death yak changed into a quicksilver ooze
 14996 | D:13     | Noticed a quicksilver ooze (glowing shapeshifter)
 14997 | D:13     | a quicksilver ooze changed into a bunyip
 14997 | D:13     | Noticed a bunyip (glowing shapeshifter)
 14998 | D:13     | Found a gate to the Vaults.
 14998 | D:13     | a bunyip changed into something unseen
 15001 | D:13     | Noticed a catoblepas
 15003 | D:13     | Killed a catoblepas
 15365 | D:13     | Your ally Beowulf died
 15551 | D:13     | Reached ***** piety under Beogh
 15787 | D:13     | Noticed a tengu warrior
 15793 | D:13     | Killed a tengu warrior
 15967 | Lair:1   | Entered Level 1 of the Lair of Beasts
 15974 | Lair:1   | Gained Hilgar as an ally
 15978 | Lair:1   | Reached skill level 14 in Invocations
 15978 | Lair:1   | Reached XP level 13. HP: 117/117 MP: 23/23
 16081 | Lair:1   | Gained Orgrim as an ally
 16102 | Lair:1   | Gained Marbaugh as an ally
 16471 | Lair:1   | Noticed Harold
 16481 | Lair:1   | Killed Harold
 16657 | Lair:1   | Noticed Fannar
 16670 | Lair:1   | Killed Fannar
 16751 | Lair:1   | Identified the +9 flail "Cetinoc" {flame, Fragile rElec
                  | rN+}
 18221 | Lair:2   | Reached skill level 15 in Invocations
 18240 | Lair:2   | Your ally Borgoth died
 18389 | Lair:2   | Found a staircase to the Snake Pit.
 19292 | Lair:2   | Found a staircase to the Swamp.
 19446 | Lair:3   | Reached skill level 1 in Evocations
 19465 | Lair:3   | Found a transporter.
 19476 | Lair:3   | Found a gate leading to a gauntlet.
 19486 | Gauntlet | Entered a Gauntlet
 19486 | Gauntlet | Found a runed translucent gate.
 19486 | Gauntlet | Found a transporter.
 19486 | Gauntlet | Found a transporter.
 19486 | Gauntlet | Found a transporter.
 19516 | Gauntlet | Found a transporter.
 19527 | Gauntlet | Found a transporter.
 19529 | Gauntlet | Found a transporter.
 19536 | Gauntlet | Noticed a great orb of eyes
 19540 | Gauntlet | Found a transporter.
 19561 | Gauntlet | Found a transporter.
 19577 | Gauntlet | Found a transporter.
 19580 | Gauntlet | Found a transporter.
 19589 | Gauntlet | Found a transporter.
 19592 | Gauntlet | Found a transporter.
 19594 | Gauntlet | Found a runed translucent gate.
 19594 | Gauntlet | Found a runed translucent gate.
 19666 | Gauntlet | Identified the +7 morningstar "Rorhufil" {freeze, rCorr
                  | Dex+3}
 19955 | Gauntlet | Reached skill level 10 in Maces & Flails
 21335 | Gauntlet | Noticed a minotaur
 21350 | Gauntlet | Killed a minotaur
 21582 | Lair:3   | Reached XP level 14. HP: 127/127 MP: 25/25
 21724 | Lair:3   | Noticed Gastronok
 21731 | Lair:3   | Killed Gastronok
 21732 | Lair:3   | Reached skill level 16 in Invocations
 22020 | Lair:3   | Found a transporter.
 22913 | Lair:4   | Your ally Hilgar died
 22913 | Lair:4   | Killed Snorg
 23357 | Lair:4   | Reached ****** piety under Beogh
 23606 | Lair:4   | Found a staircase to the Slime Pits.
 23607 | Lair:4   | Found a viscous altar of Jiyva.
 24043 | Lair:5   | Entered Level 5 of the Lair of Beasts
 24822 | Lair:5   | Noticed a dire elephant
 24831 | Lair:5   | Killed a dire elephant
 24832 | Lair:5   | Reached skill level 17 in Invocations
 24866 | Lair:5   | Found a burning altar of Makhleb.
 24911 | Lair:5   | Found a gateway to Hell.
 24919 | Lair:5   | Identified the staff of poison "Inapiff" {rPois Dex+5}
 26084 | Lair:5   | Reached XP level 15. HP: 136/136 MP: 27/27
 26493 | Orc:1    | Entered Level 1 of the Orcish Mines
 27358 | Orc:2    | Entered Level 2 of the Orcish Mines
 27447 | Orc:2    | Found Qunis's Magic Scroll Emporium.
 27448 | Orc:2    | Found Lapaelaj's Magic Scroll Shoppe.
 27473 | Orc:2    | Gained Geork as an ally
 27475 | Orc:2    | Gained Ugrim as an ally
 27508 | Orc:2    | Your ally Ugrim died
 27568 | Orc:2    | Reached skill level 5 in Evocations
 27570 | Orc:2    | Gained Nordag as an ally
 27607 | Orc:2    | Found a staircase to the Elven Halls.
 28173 | Orc:2    | Gained Bogric as an ally
 28191 | Orc:2    | Your ally Bogric died
 30103 | Orc:2    | Found Empuveti's Antique Weapon Shop.
 30103 | Orc:2    | Found Pett's Jewellery Boutique.
 30104 | Orc:2    | Found a one-way gate leading to the halls of Pandemonium.
 30116 | Orc:2    | Bought a +4 ring of slaying for 858 gold pieces
 30430 | Orc:2    | Found a transporter.
 30704 | Orc:2    | Found Dudialen's Antique Weapon Shoppe.
 30900 | Orc:2    | Found a transporter.
 30934 | Orc:2    | Bought the +5 scythe "Finisher" {speed, execute} for 968
                  | gold pieces
 30934 | Orc:2    | Found the +5 scythe "Finisher" {speed, execute}
 32307 | D:14     | Reached skill level 18 in Invocations
 32311 | D:14     | Reached skill level 1 in Polearms
 32601 | D:14     | Found Zyqustrik's Antique Armour Shoppe.
 32953 | D:14     | Found the amulet of the Four Winds {rN+ Will+++ Clar}
 33294 | D:15     | Entered Level 15 of the Dungeon
 34074 | D:15     | Found a shimmering blue altar of Sif Muna.
 34903 | D:15     | Found a staircase to the Depths.
 34913 | D:15     | Gained Oreg as an ally
 35702 | Snake:1  | Entered Level 1 of the Snake Pit
 36031 | Snake:1  | Gained Argrim as an ally
 36032 | Snake:1  | Reached XP level 16. HP: 138/147 MP: 29/29
 36195 | Snake:1  | Noticed Donald
 36199 | Snake:1  | Killed Donald
 37225 | Snake:2  | Found Tuewkir's Distillery.
 37502 | Snake:2  | Bought a potion of curing for 45 gold pieces
 37502 | Snake:2  | Bought a potion of curing for 45 gold pieces
 38786 | Snake:3  | Found a frozen archway.
 39016 | Snake:3  | Your ally Geork died
 39370 | Snake:3  | Noticed Vashnia
 39370 | Snake:3  | Identified the +7 trident of World's End {venom, rCorr
                  | Stlth+}
 39781 | Snake:3  | Reached skill level 19 in Invocations
 39796 | Snake:3  | Killed Vashnia
 39796 | Snake:3  | Gained Syrus as an ally
 41465 | Snake:4  | Entered Level 4 of the Snake Pit
 42053 | Snake:4  | Your ally Oreg died
 42706 | Snake:4  | Found Cosanycy's Weapon Emporium.
 44620 | Snake:4  | Slain by a salamander mystic

Illustrated notes

Levels and vault maps discovered:
D:1:      dpeg_arrival_renting, layout_loops_corners, minmay_heptomino_o4
D:2:      layout_loops_cross, basic_altar,
          hellmonk_ecumenical_altar_pennies_from_heaven, dreamdust_wishing_well
D:3:      layout_loops_ring, gammafunk_temple_overflow_claw,
          ebering_ghost_sewer_d
D:4:      layout_basic
D:5:      layout_basic, uniq_crazy_yiuf_cottage, uniq_grinder
D:6:      minmay_chambers_of_fours, layout_loops_ring, uniq_pikel, uniq_maggie
D:7:      layout_basic, minmay_temple_entry_butterflies, serial_shops,
          nicolae_shop_rolled_up, uniq_menkaure
D:8:      layout_rooms, okawaru_gym_becter, serial_demonic, serial_demonic_f,
          serial_demonic_f, serial_demonic_e, serial_demonic_e,
          hangedman_decor_points, corexii_checkpoint_b
D:9:      layout_rooms, minmay_gold_behind_fungi, unseen_surprise_small
D:10:     layout_stronghold, erik_orc_1, nicolae_hexahallways
D:11:     layout_irregular_city, david_lair_generic
D:12:     layout_basic, st_stairs_4
D:13:     layout_roguey, david_vaults_2
D:14:     layout_roguey [special_room_bee], serial_shops, nicolae_square_shop,
          minmay_holes
D:15:     grunt_enter_depths_magical_seal, layout_rooms, lemuel_blue_sif_altar,
          chequers_mini_garden
Lair:1:   layout_regular_city, minivault_19, nicolae_lair_liquid_snakes,
          infiniplex_staircase_pool_2, grunt_megastairs_2, uniq_fannar,
          uniq_harold
Lair:2:   layout_regular_city, nicolae_swamp_entry_spooky,
          minmay_snake_entry_six_corridors, beast_lair_carwin_1,
          lemuel_fruit_fields
Lair:3:   gammafunk_cloud_chamber, layout_layer_cave, gauntlet_entry_generic,
          uniq_gastronok
Lair:4:   layout_loops_ring, slime_entry_1, uniq_snorg
Lair:5:   evil_forest, layout_loops_ring, chequers_serial_rivers_micro_e,
          lemuel_fruit_fields
Snake:1:  layout_rooms, uniq_donald
Snake:2:  layout_grid_shapes, serial_shops, nicolae_shop_tiny_glass
Snake:3:  layout_onion, portal_ice_cave_entry_pillars_1,
          nicolae_snake_snake_lake, uniq_vashnia
Snake:4:  snake_pit_salamanders_mu, layout_cave_town, serial_shops,
          nicolae_shop_temple_entry_statues_fountains, minmay_shop_grove
Orc:1:    layout_caves
Orc:2:    pf_orc_diabolical, layout_caves, serial_shops, nicolae_shop_drivethru,
          nicolae_orc_flooded_monolith

Skill      XL: |  1  2  3  4  5  6  7  8  9 10 11 12 13 14 15 16 |
---------------+-------------------------------------------------+-----
Axes           | 3 4 5 6 |  6.2
Fighting       | 4 5 6 7 8 9 10 11 12 13 14 | 14.9
Shields        | 4 5 6 7 8 9 10 11 12 13 | 13.7
Armour         | 4 5 6 7 8 9 10 11 12 13 | 13.7
Maces & Flails | 3 4 6 7 9 10 11 12 | 12.4
Invocations    | 2 6 9 11 14 15 17 18 19 | 19.6
Evocations     | 2 4 6 7 |  7.0
Polearms       | 4 |  4.8

Action                     |  1- 3 |  4- 6 |  7- 9 | 10-12 | 13-15 | 16-18 || total
---------------------------+-------+-------+-------+-------+-------+-------++-------
  Melee: War axe           |    97 |   106 |    20 |       |       |       ||   223
         Morningstar       |       |       |   108 |   414 |   702 |   134 ||  1358
  Throw: Throwing net      |       |       |       |       |     2 |     2 ||     4
 Invoke: Convert to Beogh  |       |     1 |       |       |       |       ||     1
         Smiting           |       |       |       |     1 |     2 |       ||     3
         Recall Orcish Fol |       |       |       |     4 |    24 |     9 ||    37
         Stop Recall       |       |       |       |       |     7 |     6 ||    13
         Resurrection      |       |       |       |       |     1 |     1 ||     2
         Give Item to Name |       |       |       |       |     1 |       ||     1
  Evoke: Wand              |       |       |       |       |       |     3 ||     3
    Use: Scroll            |     3 |     2 |     3 |    17 |    13 |     4 ||    42
         Potion            |       |     3 |     5 |     1 |    11 |     9 ||    29
   Stab: Invisible         |       |       |     2 |       |     2 |       ||     4
         Distracted        |       |       |       |     4 |     5 |     1 ||    10
         Confused          |       |       |       |       |       |     1 ||     1
 Armour: Scale mail        |    40 |    14 |       |       |       |       ||    54
         Plate armour      |       |    28 |    67 |   369 |   373 |    50 ||   887
  Dodge: Dodged            |    40 |    20 |    38 |   179 |   276 |    54 ||   607
  Block: Buckler           |    37 |    47 |    82 |   222 |       |       ||   388
         Reflection        |       |     2 |     3 |    15 |     6 |    42 ||    68
         Kite shield       |       |       |       |   113 |       |       ||   113
         Tower shield      |       |       |       |    91 |   973 |   243 ||  1307
